 Dungeon Crawl Stone Soup version 0.29-a0-72-g1732ff48e7 (webtiles) character file.

Game seed: 15341430843722045351

28 HallandMoats the Skirmisher (level 3, -3/19 HPs)
             Began as a Vine Stalker Fighter on Feb 3, 2022.
             Slain by a gnoll (13 damage)
             ... on level 2 of the Dungeon.
             The game lasted 00:01:12 (696 turns).

HallandMoats the Skirmisher (Vine Stalker Fighter)   Turns: 696, Time: 00:01:13

Health: -3/19      AC:  6    Str: 20    XL:     3   Next: 14%
Magic:  0/4        EV:  9    Int:  8    God:
Gold:   67         SH:  4    Dex: 13    Spells: 2/2 levels left

rFire   . . .      SeeInvis .   a - +0 trident
rCold   . . .      Faith    .   c - +0 buckler
rNeg    . . .      Spirit   +   b - +0 scale mail
rPois   .          Reflect  .   (no helmet)
rElec   .          Harm     .   (no cloak)
rCorr   .          Rampage  .   (no gloves)
Will    .....                   (no boots)
Stlth   ..........              (no amulet)
HPRegen 0.06/turn               (no ring)
MPRegen 0.09/turn               (no ring)

@: no status effects
A: fangs 2, magic shield, antimagic bite, no potion heal 2
a: no special abilities


You were on level 2 of the Dungeon.
You visited 1 branch of the dungeon, and saw 2 of its levels.

You collected 67 gold pieces.

Inventory:

Hand Weapons
 a - a +0 trident (weapon)
Armour
 b - a +0 scale mail (worn)
 c - a +0 buckler (worn)
Scrolls
 e - a scroll of vulnerability {unknown}
 h - a scroll of identify {unknown}
Potions
 d - 2 potions of might
 f - a potion of degeneration {unknown}
 g - a potion of haste {unknown}


   Skills:
 * Level 2.9 Fighting
 * Level 2.1 Polearms
 + Level 2.5 Armour
 + Level 0.3 Dodging
 + Level 2.8 Shields
 * Level 1.2 Invocations


You had 2 spell levels left.
You didn't know any spells.
Your spell library contained the following spells:

 Spells                   Type           Power      Damage    Failure   Level
 Shock                    Conj/Air       0%         1d3       86%         1
 Swiftness                Air            0%         N/A       99%         3
 Airstrike                Air            0%         N/A       100%        4


Dungeon Overview and Level Annotations

Branches:
Dungeon (2/15)

Altars:

Shops:
D:1 [


Innate Abilities, Weirdness & Mutations

You have extremely sharp teeth.
When hurt, damage is shared between your health and your magic reserves.
Your bite disrupts and absorbs the magic of your enemies.
Potions cannot restore your health.


Message History

The gnoll is moderately wounded.
You block the gnoll's attack.
You hit the gnoll.
The gnoll is heavily wounded.
The gnoll hits you with a +0 whip.
You hit the gnoll.
The gnoll is almost dead.
The gnoll closely misses you. The gnoll hits you with a +0 whip.
You hit the gnoll.
You kill the gnoll!
You have reached level 3!
Your experience leads to an increase in your attributes!
Increase (S)trength, (I)ntelligence, or (D)exterity?
You feel stronger. x2
You start resting.
Magic restored.
You start resting.
A gnoll is nearby!
You swing at nothing.
The gnoll shouts!
You swing at nothing.
You swing at nothing.
You swing at nothing.
You swing at nothing.
A gnoll sergeant comes into view. It is wielding a +0 trident.
The gnoll hits you with the +8 woodcutter's axe {vorpal}.
The gnoll sergeant shouts!
You hit the gnoll.
The gnoll is moderately wounded.
The gnoll closely misses you.
You hit the gnoll. You bite the gnoll. You drain its power.
You feel invigorated.
The gnoll is heavily wounded.
You block the gnoll's attack.
You hit the gnoll but do no damage.
The gnoll is heavily wounded.
A gnoll comes into view. It is wielding a +0 club.
The gnoll hits you with the +8 woodcutter's axe {vorpal}!
Ouch! That really hurt!
You die...

#.......##.######
###...####.#
##...## #.#
#######.....###.#
#............##.#
##.####.........<#
.(............####
##.####......##
#.####.#.##@#
#......###♣g♣
######## ♣.♣ )..
♣.g.♣ .....
♣.♣..)♣ ...g♣..
)......g.


You could see a gnoll sergeant and 2 gnolls.

Vanquished Creatures
  A gnoll (D:2)
  A ball python (D:1)
  3 bats (D:1)
  3 endoplasms (D:1)
  2 giant cockroaches (D:1)
  A goblin (D:1)
  2 jackals (D:1)
  2 frilled lizards (D:1)
  A kobold (D:1)
  A rat (D:1)
17 creatures vanquished.

Notes
Turn   | Place    | Note
-------+----------+-------------------------------------------
     0 | D:1      | HallandMoats the Vine Stalker Fighter began the quest for
                  | the Orb.
     0 | D:1      | Reached XP level 1. HP: 11/11 MP: 2/2
    20 | D:1      | Found Reefeuf's Antique Armour Boutique.
    55 | D:1      | Reached XP level 2. HP: 6/16 MP: 1/3
   338 | D:1      | Reached skill level 1 in Invocations
   664 | D:2      | Reached XP level 3. HP: 10/19 MP: 2/4
   693 | D:2      | Noticed a gnoll sergeant
   696 | D:2      | Slain by a gnoll

Illustrated notes

Levels and vault maps discovered:
D:1:      evilmike_arrival_plus, layout_rooms, serial_shops, shop
D:2:      layout_loops_cross, pf_guarded_unrand_woodcutter

Skill      XL: |  1  2 |
---------------+-------+-----
Polearms       | 2 |  2.1
Invocations    | 1 |  1.2
Fighting       | |  2.9
Armour         | |  2.5
Dodging        | |  0.3
Shields        | |  2.8

Action                   || total
-------------------------++-------
Melee: Trident           ||    41
       Bite              ||     5
Armor: Scale mail        ||    13
Dodge: Dodged            ||    20
Block: Buckler           ||     8

Table legend: (Time is in decaauts)
 A = Elapsed time spent in this place.
 B = Non-inter-level travel time spent in this place.
 C = Inter-level travel time spent in this place.
 D = Time resting spent in this place.
 E = Time spent auto-exploring this place.
 F = Levels seen in this place.
 G = Mean time per level.
                   A        B        C        D        E       F      G
               +--------+--------+--------+--------+--------+-----+--------+
         Total |    707 |    698 |      9 |     43 |    545 |   2 |  353.5 |
       Dungeon |    707 |    698 |      9 |     43 |    545 |   2 |  353.5 |
               +--------+--------+--------+--------+--------+-----+--------+

Top non-repeatable levels by time:
     D:1: 630 daAuts
     D:2: 77 daAuts
